Cogmind - Beta 9.4 @@@ ROGUE MODE // 2020.03.09 @ 23:55:45 // AFD2019/Pay2Buy Player: K.Ioz Result: Destroyed by G-47 Trooper with Particle Gun Performance ------------- Evolutions (0) 0 Regions Visited (1) 200 Robots Destroyed (0) 0 Value Destroyed (0) 0 Prototype IDs (0) 0 Alien Tech Used (0) 0 Bonus (0) 0 TOTAL SCORE: 200 Bonus ------- None Cogmind --------- Core Integrity 0/250 Matter 125/300 Energy 100/100 System Corruption 0% Temperature Cool (9) Movement Core (100) Ox1 Location -10/Materials Parts ------- > --- POWER (1) -------- (None) > --- PROPULSION (2) --- (None) > --- UTILITY (2) ------ (None) > --- WEAPON (2) ------- Hammer Hammer > --- INVENTORY (10) --- (None) Peak State ------------ > --- POWER ------------ (None) > --- PROPULSION ------- (None) > --- UTILITY ---------- (None) > --- WEAPON ----------- Hammer Hammer > --- INVENTORY -------- (None) [Rating: 2] Favorites ----------- Power None Propulsion None Utility None Weapon Datajack Impact Weapon Hammer Special Melee Weapon Datajack Build | -11 -10 ------- Run | Scr Mat Slots Evolved . | . . Power . | . . Propulsion . | . . Utility . | . . Weapon . | . . Parts Attached . | . . Power . | . . Engine . | . . Core . | . . Reactor . | . . Propulsion . | . . Treads . | . . Leg . | . . Wheel . | . . Hover . | . . Flight . | . . Utility . | . . Device . | . . Storage . | . . Processor . | . . Hackware . | . . Protection . | . . Artifact . | . . Weapon . | . . Energy Gun . | . . Energy Cannon . | . . Ballistic Gun . | . . Ballistic Cannon . | . . Launcher . | . . Special Weapon . | . . Impact Weapon . | . . Slashing Weapon . | . . Piercing Weapon . | . . Special Melee Weapon . | . . Unidentified Prototypes . | . . Parts Lost 5 | . 5 Power . | . . Propulsion . | . . Utility . | . . Weapon 5 | . 5 Highest Loss Streak 5 | . 5 Average Slot Usage (%) 16 | . 16 Impact Weapon 4 | . 4 Special Melee Weapon 12 | . 12 Naked Turns 13 | . 13 Heaviest Build 1 | . 1 Greatest Support 3 | 3 3 Greatest Overweight (x) . | . . Average Overweight (x) . | . . Largest Inventory Capacity 10 | 10 10 Average Capacity 10 | 10 10 Most Carried . | . . Average Carried . | . . Final Capacity 10 | 10 10 Final Carried . | . . Class Distribution -------------------- 100% | Mutant Dominant Class ---------------- Mutant | -10/Materials Resources | -11 -10 ----------- Run | Scr Mat Matter Collected . | . . Remotely . | . . Salvage Created . | . . Parts . | . . Haulers Intercepted . | . . Recyclers Shooed . | . . Parts Field Recycled . | . . Retrieved Matter . | . . Parts Self-Destructed . | . . Prevented . | . . Kills | -11 -10 ------- Run | Scr Mat Combat Hostiles Destroyed . | . . Classes Destroyed . | . . Best Kill Streak . | . . Combat Bots Only . | . . Max Kills in Single Turn . | . . Gunslinging . | . . Exploded . | . . Melee . | . . Uniques/NPCs Destroyed . | . . Combat | -11 -10 -------- Run | Scr Mat Damage Taken 374 | . 374 Core 267 | . 267 Absorbed by Shields . | . . Core Remaining (%) 100 | 100 . Volleys Fired . | . . Largest . | . . Hottest . | . . Shots Fired . | . . Gun . | . . Cannon . | . . Launcher . | . . Special . | . . Kinetic . | . . Thermal . | . . Explosive . | . . Electromagnetic . | . . Robot Hit Streak . | . . Robot Miss Streak . | . . Penetration Max . | . . Secondary Targets . | . . Shots Hit Robots 9 | . 9 Core Hits . | . . Critical Hits . | . . Critical Kills . | . . Critical Parts Destroyed . | . . Melee Attacks 14 | . 14 Impact 4 | . 4 Slashing . | . . Piercing . | . . Sneak Attacks . | . . Combat Hostiles . | . . Follow-up Attacks . | . . Damage Inflicted 59 | . 59 Guns . | . . Cannons . | . . Explosions . | . . Melee 59 | . 59 Ramming . | . . Kinetic . | . . Thermal . | . . Explosive . | . . Electromagnetic . | . . Impact 59 | . 59 Slashing . | . . Piercing . | . . Highest Corruption . | . . Average Corruption . | . . Corruption Purged . | . . Overload Shots . | . . Overflow Damage . | . . Projectiles . | . . Explosions . | . . Melee . | . . Knockbacks . | . . Impact . | . . Kinetic . | . . Secondary . | . . Self-Inflicted Damage . | . . Shots . | . . Rammed . | . . Targets Rammed . | . . Kicked . | . . Crushed . | . . Highest Temperature . | . . Average Temperature . | . . Received Heat Transfer 204 | . 204 Siege Activations . | . . Robots Corrupted . | . . Combat Hostiles . | . . Parts Fried . | . . Impact Corruptions . | . . Robots Melted . | . . Combat Hostiles . | . . Parts Melted . | . . Heat Transferred . | . . Parts Sabotaged . | . . Parts Stolen . | . . Parts Stripped . | . . Power Chain Reactions . | . . Missiles Intercepted . | . . Alert | -11 -10 ------- Run | Scr Mat Peak Influence 7 | . 7 Average Influence 2 | . 2 Maximum Alert Level . | . . Low Security (%) 100 | 100 100 Level 1 . | . . Level 2 . | . . Level 3 . | . . Level 4 . | . . Level 5 . | . . High Security . | . . Max Security . | . . Squads Dispatched . | . . Investigation . | . . Extermination . | . . Reinforcement . | . . Assault . | . . Garrison . | . . Intercept . | . . Construction Impeded . | . . Haulers Reinforced . | . . Stealth | -11 -10 --------- Run | Scr Mat Distress Signals . | . . Communications Jammed . | . . Distress Signals . | . . Times Spotted 3 | . 3 Peak Tracking Total 3 | . 3 Tactical Retreats . | . . Traps | -11 -10 ------- Run | Scr Mat Traps Triggered . | . . Indirectly . | . . Trap Hack Attempts . | . . Triggered . | . . Disarmed . | . . Reprogrammed . | . . Reused . | . . Traps Extracted . | . . Installed . | . . Triggered . | . . Machines | -11 -10 ---------- Run | Scr Mat Machines Disabled . | . . Max in Single Turn . | . . Machines Sabotaged . | . . Garrisons Compromised . | . . Overloaded Fab Kills . | . . Fab Network Shutdowns . | . . Hacking | -11 -10 --------- Run | Scr Mat Machines Accessed 1 | . 1 Terminals 1 | . 1 Fabricators . | . . Repair Stations . | . . Recycling Units . | . . Scanalyzers . | . . Garrison Access . | . . Total Hacks 2 | . 2 Successful 2 | . 2 Failed . | . . Catastrophic . | . . Database Lockouts . | . . Manual . | . . Terminals 2 | . 2 Fabricators . | . . Repair Stations . | . . Recycling Units . | . . Scanalyzers . | . . Garrison Access . | . . Terminal Hacks 2 | . 2 Locate Traps 1 | . 1 Surveillance Status 1 | . 1 Fabricator Hacks . | . . Repair Station Hacks . | . . Recycling Unit Hacks . | . . Scanalyzer . | . . Garrison Access Hacks . | . . Unauthorized Hacks . | . . Terminals . | . . Fabricators . | . . Repair Stations . | . . Recycling Units . | . . Scanalyzers . | . . Garrison Access . | . . Data Cores Recovered . | . . Used . | . . Hacking Detections 1 | . 1 Full Trace Events . | . . Feedback Events . | . . Feedback Blocked . | . . Robot Schematics Acquired . | . . Robots Built . | . . Matter . | . . Time . | . . Total Robot Build Rating . | . . Part Schematics Acquired . | . . Parts Built . | . . Matter . | . . Time . | . . Total Part Build Rating . | . . Parts Repaired . | . . Time . | . . Parts Recycled . | . . Recycled Matter . | . . Retrieved Matter . | . . Retrieved Components . | . . Parts Scanalyzed . | . . Part Schematics Acquired . | . . Parts Damaged . | . . Bothacking | -11 -10 ------------ Run | Scr Mat Used RIF Installer . | . . Robots Hacked . | . . Non-combat . | . . Combat . | . . Robot Hacks Applied . | . . Relay Couplers Released . | . . Robots Rewired . | . . Allies Hacked . | . . Hacks Repelled . | . . Allies | -11 -10 -------- Run | Scr Mat Total Allies . | . . Largest Group . | . . Highest-Rated Group . | . . Highest-Rated Ally . | . . Total Orders . | . . Ally Attacks . | . . Total Damage . | . . Kills . | . . Allies Corrupted . | . . Allies Melted . | . . Intel | -11 -10 ------- Run | Scr Mat Robot Analysis Total . | . . Derelict Logs Recovered . | . . Drone Launches . | . . Drone Recoveries . | . . Exploration | -11 -10 ------------- Run | Scr Mat Turns Passed 85 | 10 75 Spaces Moved 107 | 20 87 Core 107 | 20 87 Treads . | . . Legs . | . . Wheels . | . . Hover . | . . Flight . | . . Fastest Speed 50 | 50 50 Average Speed 50 | 50 50 Slowest Speed 50 | 50 50 Overloaded Moves . | . . Propulsion Burnouts . | . . Robots Hopped . | . . Cave-ins Triggered . | . . Exploration Rate (%) 11 | 3 20 Regions Visited 1 Branch Regions . Pre-discovered Areas . | . . Known Exits Taken . | . . Unknown Exits Taken 1 | 1 . Scrap Searched . | . . Spaces Dug . | . . Terrain Destroyed . | . . Melee . | . . Projectile . | . . AOE . | . . Actions | -11 -10 --------- Run | Scr Mat Total 121 | 19 102 Wait 1 | . 1 Move 106 | 19 87 Hop . | . . Pick Up . | . . Fast Attach . | . . Attach . | . . Detach . | . . Swap . | . . Drop . | . . Fire . | . . Melee 14 | . 14 Ram . | . . Kick . | . . Crush . | . . Escape Stasis . | . . Rewire . | . . Trap . | . . Miscellaneous . | . . Route ------- -11/Scrapyard -10/Materials History --------- Turn | Location | Event 2 | -11/Scrapyard | Discovered new exit (range 16) 11 | -11/Scrapyard | Entered Materials 69 | -10/Materials | Core integrity fell below 50% 81 | -10/Materials | Core integrity fell below 20% 86 | -10/Materials | Destroyed by G-47 Trooper with Particle Gun Last Messages --------------- 00066_ Command string: hello world 00066_ No effect. 00066_ Datajack destroyed. 00067_ K-01 Serf collects debris. [Purchased: Datajack] 00068_ Jacked G-47 Trooper... 00068_ Command string: fuck you 00068_ No effect. 00070_ Jacked G-47 Trooper... 00070_ Command string: \\IAMDERELICT 00070_ No effect. 00072_ K-01 Serf collects debris. 00074_ Datajack destroyed. [Purchased: Datajack] 00074_ Jacked G-47 Trooper... 00074_ Datajack destroyed. 00076_ K-01 Serf collects debris. [Purchased: Hammer] 00079_ U-05 Engineer lays Concrete. 00080_ K-01 Serf collects debris. Map ----- +----------------------------------------------------+ | ?????????????????????????????????????????????????? | | ????????????????????????????????????########?????? | | ????????????????????????????????????# #?????? | | ????????????????????????????????????# """ #?????? | | ????????????????????????????????????# """ #?????? | | ????????????????????????????????????# """ #?????? | | ????????????????????????????????????# #?????? | | ????????????????????????????????????# """ #?????? | | ?????????????????????????????^??????# """ #####?? | | ????????????????????????????????????# """ # #?? | | ????????????????????????????????????# # #?? | | ????????????????????????????????????# """ # #?? | | ????????????????????????????????????# """ + #?? | | ????????????????????????????^?^?????# """ # #?? | | ????????????????????????##????^?????# # #?? | | ???????????????????????? ??????????######## ##? | | ???????????????????????## ######+########## #? | | ??????????????????????? T #? | | ???????????????????????? #? | | ????????????????????????? #? | | ?????????????????????????# # #? | | ?????????????????????????# """ """ #######? | | ?????????????????????????# """ """"" #??????? | | ?????????????############# """ """"" #??????? | | ?????????????# g """"" #######? | | ?????????????# @ "" #? | | ?????????? #? | | ?????????? #? | | ??????????? gw ######### #? | | ??????????? ####### #???????# #? | | ????????????####### ??????# #########+# #? | | ??????????????????# ??????# ## #####? | | ??????????????????# ???????# ## """ #????? | | ??????????????????# ??????? # """ #????? | | ????????????????? ??????# # """ #????? | | ???????????????? ???????# + #????? | | ??????????????? ???????# # #????? | | ??????????????? ##+????????# # "Y" #????? | | ?????????????????????????????## ## """ #????? | | ??????????????????????????????# ## #????? | | ??????????????????????????????# ###########????? | | ?????????????????????????????? ??????????????? | | ??????????????????????????????? ???????????????? | | ?????????????????????????????????????????????????? | | ?????????????????????????????????????????????????? | | ?????????????????????????????????????????????????? | | ?????????????????????????????????????????????????? | | ?????????????????????????????????????????????????? | | ?????????????????????????????????????????????????? | | ?????????????????????????????????????????????????? | +----------------------------------------------------+ Best States ------------- Heat Dissipation 25 Energy Generation 5 Energy Capacity 100 Matter Stores 125 Matter Capacity 300 Sight Range 16 Terrain Scan Density 10 Evasion (%) 50 Item Schematics ----------------- None Robot Schematics ------------------ None Fabricated ------------ Nothing Alien Tech Used ----------------- None Achievements -------------- None Challenges ------------ None Cogshop Purchases (7) ----------------------- Datajack (599) Datajack (599) Datajack (599) Datajack (599) Datajack (599) Hammer (539) Hammer (539) Game ------ Seed AnalysisTerrabombFlail Manual? 0 Play Time 00:07:21 Cumulative 135.1 hours Start 2020.03.09 @ 23:49:32 End 2020.03.09 @ 23:55:45 Sessions 1 Manual Loads 0 Difficulty Rogue Special Mode AFD2019/Pay2Buy Game No. 88 Rogue 70 Adventurer 0 Explorer 18 Win Type - Total 2 Types 2/0/0/0/0/0/0 Lore% 58 Gallery% 58 Achievement% 52 Wizard Run 0 Options --------- ASCII 0 Keyboard 1 Movement Vi Keybinds 0 Fullscreen 0 Font 16/SmallcapsGlow Map View 76x50 Tactical HUD 1 Map Filters NONE Filters LOW_CONTRAST(47,30,31)|SHIFT_HUE(250) Steam 1 RUN: 6df17818-9b07-4a57-996c-e7492275f171